 Dungeon Crawl Stone Soup version 0.29-a0-275-g389c0b56f3 (webtiles) character file.

Game seed: 4770558328704014827

261 Ijustatesigmund the Chopper (level 5, 0/48 HPs)
             Began as a Minotaur Fighter on Mar 9, 2022.
             Slain by a wyvern (2 damage)
             ... on level 5 of the Dungeon.
             The game lasted 00:05:25 (3066 turns).

Ijustatesigmund the Chopper (Minotaur Fighter)      Turns: 3066, Time: 00:05:26

Health: 0/48       AC: 11    Str: 23    XL:     5   Next: 96%
Magic:  4/4        EV:  7    Int:  5    God:
Gold:   232        SH:  5    Dex:  9    Spells: 4/4 levels left

rFire   . . .      SeeInvis .   a - +1 war axe
rCold   . . .      Faith    .   c - +1 buckler
rNeg    + . .      Spirit   .   b - +2 chain mail "Hofif" {rN+}
rPois   .          Reflect  .   (helmet restricted)
rElec   .          Harm     .   (no cloak)
rCorr   .          Rampage  .   (no gloves)
Will    .....                   (no boots)
Stlth   ..........              (no amulet)
HPRegen 0.16/turn               (no ring)
MPRegen 0.09/turn               (no ring)

@: no status effects
A: horns 2, retaliatory headbutt
a: no special abilities


You were on level 5 of the Dungeon.
You visited 1 branch of the dungeon, and saw 5 of its levels.

You collected 232 gold pieces.

Inventory:

Hand Weapons
 a - a +1 war axe (weapon)
Armour
 b - the +2 chain mail "Hofif" (worn) {rN+}
   (You found it on level 3 of the Dungeon)

   rN:        It protects you from negative energy.
 c - a +1 buckler (worn)
Jewellery
 f - a ring of fire
Scrolls
 h - a scroll of teleportation
 i - a scroll of enchant armour
 k - a scroll of fog
Potions
 d - a potion of might
 g - a potion of curing
 j - a potion of attraction
 l - a potion of flight


   Skills:
 + Level 5.0 Fighting
 + Level 5.8 Axes
 + Level 4.9 Armour
 - Level 3.6 Shields


You had 4 spell levels left.
You didn't know any spells.
Your spell library contained the following spells:

 Spells                   Type           Power      Damage    Failure   Level
 Shock                    Conj/Air       0%         1d3       99%         1
 Swiftness                Air            0%         N/A       100%        3
 Airstrike                Air            0%         N/A       100%        4


Dungeon Overview and Level Annotations

Branches:
Dungeon (5/15)
 Temple: D:4-7

Altars:


Innate Abilities, Weirdness & Mutations

You have a pair of horns on your head.
You reflexively headbutt those who attack you in melee.


Message History

As you read the scroll of identify, it crumbles to dust.
l - a potion of flight A wyvern comes into view.
The wyvern hisses angrily.
You closely miss the wyvern. You headbutt the wyvern.
The wyvern is lightly wounded.
The wyvern bites you!
The wyvern bites you but does no damage.
You hit the wyvern.
The wyvern is moderately wounded.
The wyvern bites you but does no damage.
The wyvern bites you!
You closely miss the wyvern. You headbutt the wyvern.
The wyvern is moderately wounded.
You block the wyvern's attack.
The wyvern bites you but does no damage.
You slash the wyvern! You headbutt the wyvern!
The wyvern is almost dead.
The wyvern bites you! The wyvern bites you.
You are too injured to fight recklessly!
You are too injured to fight recklessly!
You are too injured to fight recklessly!
You are too injured to fight recklessly!
You are too injured to fight recklessly!
You are too injured to fight recklessly!
You are too injured to fight recklessly!
You are too injured to fight recklessly!
You are too injured to fight recklessly!
You are too injured to fight recklessly!
You are too injured to fight recklessly!
You hit the wyvern but do no damage.
The wyvern is almost dead.
The wyvern bites you!
* * * LOW HITPOINT WARNING * * *
The wyvern bites you!
* * * LOW HITPOINT WARNING * * *
You hit the wyvern but do no damage.
The wyvern is almost dead.
The wyvern bites you.
You die...

## . #..### ##..#
#.....### ..#
#.......#### .#
#..........### ##
#....l@.....## .#
#............###
#
#..............##
##..............#
##.............#
##............##
###........<..#
##...........#
####......#.#


You could see a wyvern.

Vanquished Creatures
  A black bear (D:4)
  A necrophage (D:4)
  7 adders
  A dart slug (D:3)
  An orc (D:3)
  5 ball pythons
  4 endoplasms
  2 giant cockroaches
  6 goblins
  2 hobgoblins
  2 quokkas
  7 bats
  3 frilled lizards
  6 kobolds
  4 rats
52 creatures vanquished.

Notes
Turn   | Place    | Note
-------+----------+-------------------------------------------
     0 | D:1      | Ijustatesigmund the Minotaur Fighter began the quest for
                  | the Orb.
     0 | D:1      | Reached XP level 1. HP: 19/19 MP: 0/0
   524 | D:1      | Found a faded altar of an unknown god.
   524 | D:1      | Noticed a chaos spawn
   756 | D:2      | Reached XP level 2. HP: 25/26 MP: 1/1
   866 | D:2      | Reached XP level 3. HP: 27/31 MP: 2/2
  1455 | D:3      | Identified the +2 chain mail "Hofif" {rN+}
  1559 | D:3      | Reached XP level 4. HP: 28/40 MP: 3/3
  1740 | D:3      | Reached skill level 5 in Axes
  2430 | D:4      | Noticed a black bear
  2438 | D:4      | Killed a black bear
  2439 | D:4      | Reached XP level 5. HP: 45/47 MP: 4/4
  2840 | D:4      | Reached skill level 5 in Fighting
  3042 | D:5      | Entered Level 5 of the Dungeon
  3058 | D:5      | Noticed a wyvern
  3065 | D:5      | HP: 2/48 [wyvern (11)]
  3066 | D:5      | Slain by a wyvern

Illustrated notes

Levels and vault maps discovered:
D:1:      dpeg_arrival_leaves_temple_mockup, layout_loops_ring,
          dreamdust_ecumenical_altar_sealed_demon
D:2:      layout_basic
D:3:      layout_loops_ring
D:4:      layout_loops_cross
D:5:      layout_cave_pods

Skill      XL: |  1  2  3  4  5 |
---------------+----------------+-----
Axes           | 3 4 5 |  5.8
Fighting       | 4 5 |  5.0
Armour         | 4 |  4.9
Shields        | |  3.6

Action                   |  1- 3 |  4- 6 || total
-------------------------+-------+-------++-------
Melee: War axe           |    61 |    44 ||   105
       Headbutt          |     8 |     7 ||    15
  Use: Scroll            |     8 |     4 ||    12
       Potion            |       |     1 ||     1
Armor: Scale mail        |    19 |       ||    19
       Chain mail        |     9 |    35 ||    44
Dodge: Dodged            |    33 |    12 ||    45
Block: Buckler           |     8 |    13 ||    21

Table legend: (Time is in decaauts)
 A = Elapsed time spent in this place.
 B = Non-inter-level travel time spent in this place.
 C = Inter-level travel time spent in this place.
 D = Time resting spent in this place.
 E = Time spent auto-exploring this place.
 F = Levels seen in this place.
 G = Mean time per level.
                   A        B        C        D        E       F      G
               +--------+--------+--------+--------+--------+-----+--------+
         Total |   3099 |   3048 |     51 |    377 |   2313 |   5 |  619.8 |
       Dungeon |   3099 |   3048 |     51 |    377 |   2313 |   5 |  619.8 |
               +--------+--------+--------+--------+--------+-----+--------+

Top non-repeatable levels by time:
     D:3: 894 daAuts
     D:2: 775 daAuts
     D:4: 713 daAuts
     D:1: 694 daAuts
     D:5: 21 daAuts
